 Dungeon Crawl Stone Soup version 0.29-a0-275-g389c0b56f3 (webtiles) character file.

Game seed: 6288414264225381931

46 BlueGoblin the Ducker (level 3, -3/19 HPs)
             Began as a Spriggan Monk on Mar 11, 2022.
             Slain by Crazy Yiuf
             ... wielding a +2 quarterstaff of chaos
              (9 damage)
             ... while paralysed by Crazy Yiuf
             ... on level 2 of the Dungeon.
             The game lasted 00:03:44 (2531 turns).

BlueGoblin the Ducker (Spriggan Monk)               Turns: 2531, Time: 00:03:44

Health: -3/19      AC:  2    Str:  7    XL:     3   Next: 46%
Magic:  4/4        EV:  4    Int: 11    God:
Gold:   50         SH:  0    Dex: 19    Spells: 2/2 levels left

rFire   . . .      SeeInvis +   a - +2 dagger (venom)
rCold   . . .      Faith    .   (no shield)
rNeg    . . .      Spirit   .   f - +0 robe
rPois   .          Reflect  .   (helmet restricted)
rElec   .          Harm     .   (no cloak)
rCorr   .          Rampage  .   (gloves unavailable)
Will    .....                   (boots unavailable)
Stlth   +++.......              (no amulet)
HPRegen 0.06/turn               (no ring)
MPRegen 0.09/turn               (no ring)

@: paralysed, studying Armour, very quick
A: very small, no large weapons, unfitting armour, see invisible, speed 3
a: no special abilities


You were on level 2 of the Dungeon.
You visited 1 branch of the dungeon, and saw 2 of its levels.

You collected 50 gold pieces.

Inventory:

Hand Weapons
 a - a +2 dagger of venom (weapon)
 b - a +1 dagger of draining
 e - a +0 short sword
Armour
 f - a +0 robe (worn)
Scrolls
 h - a scroll of fear {unknown}
Potions
 c - 3 potions of ambrosia
 d - a potion of curing {unknown}
 g - a potion of lignification {unknown}


   Skills:
 - Level 2.4 Fighting
 - Level 3.2 Short Blades
 + Level 6.1 Dodging
 - Level 3.0 Stealth


You had 2 spell levels left.
You didn't know any spells.
Your spell library contained the following spells:

 Spells                   Type           Power      Damage    Failure   Level
 Tukima's Dance           Hex            0%         N/A       71%         3
 Passage of Golubria      Tloc           0%         N/A       98%         4
 Yara's Violent Unravell  Hex/Tmut       0%         3d3       100%        5


Dungeon Overview and Level Annotations

Branches:
Dungeon (2/15)

Altars:

Annotations:
D:2 Crazy Yiuf, Sigmund


Innate Abilities, Weirdness & Mutations

You are very small and have problems with some larger weapons.
You are too small for most types of armour.
You have supernaturally acute eyesight. (SInv)
You cover ground extremely quickly. (Speed+++)


Message History

A hobgoblin is nearby!
The hobgoblin shouts!
A hobgoblin is nearby!
You aren't carrying any scrolls.
Unknown command.
A hobgoblin is nearby!
A hobgoblin is nearby!
A hobgoblin is nearby!
You closely miss the hobgoblin. You hit the hobgoblin.
You kill the hobgoblin!
No target in view!
No target in view!
No target in view!
You see here a hobgoblin corpse.
You see here a bat skeleton.
h - a scroll labelled VEVVOW CACHAKK
There is an open door here.
You open the door.
There is an open door here.
You see here a bat skeleton.
Key pressed, stopping explore.
Key pressed, stopping explore.
Could not explore, unopened runed door.
Could not explore, unopened runed door.
Okay, then.
You open the door.
Crazy Yiuf shouts!
You closely miss Crazy Yiuf. Crazy Yiuf completely misses you.
You hit Crazy Yiuf.
Crazy Yiuf is lightly wounded.
Crazy Yiuf closely misses you.
You hit Crazy Yiuf.
Crazy Yiuf is poisoned.
Crazy Yiuf is lightly wounded.
Crazy Yiuf whimpers, "Fluff song pizzabubble!"
Crazy Yiuf hits you with a +2 quarterstaff of chaos!
Ouch! That really hurt!
You suddenly lose the ability to move!
Crazy Yiuf hits you with a +2 quarterstaff of chaos!
You die...

############################
##...........................
#####............................
........################.........
........# #.........
........####### #.........
.###<.......#.### ### #.........
.............#..##...# #....####.
............####@g...# #....# #.
...........## ###..)# #....# ##
........#### ### #....#####
........# #......#.. ........#
###....#.. ........#######
######.........
..............#####....#####.....
..................+......###.....
.......####.......#....#...#.....


You could see Crazy Yiuf (very poisoned).

Vanquished Creatures
  An adder (D:2)
  An endoplasm (D:2)
  3 giant cockroaches
  4 goblins (D:1)
  4 hobgoblins
  4 jackals (D:2)
  4 kobolds
  3 quokkas
  A ball python (D:1)
  3 bats
  2 frilled lizards (D:1)
  4 rats
34 creatures vanquished.

Notes
Turn   | Place    | Note
-------+----------+-------------------------------------------
     0 | D:1      | BlueGoblin the Spriggan Monk began the quest for the Orb.
     0 | D:1      | Reached XP level 1. HP: 11/11 MP: 2/2
   613 | D:1      | Reached XP level 2. HP: 15/16 MP: 3/3
   630 | D:1      | Found a faded altar of an unknown god.
   724 | D:1      | Reached skill level 5 in Dodging
   853 | D:1      | Identified a scroll of acquirement
   853 | D:1      | Acquired a manual of Armour
  1518 | D:2      | Reached XP level 3. HP: 17/19 MP: 4/4
  1654 | D:2      | Noticed Sigmund
  1939 | D:2      | Reached skill level 6 in Dodging
  2224 | D:2      | Found a runed translucent door.
  2225 | D:2      | Noticed Crazy Yiuf
  2530 | D:2      | Paralysed by Crazy Yiuf for 6 turns
  2531 | D:2      | Slain by Crazy Yiuf

Illustrated notes

Levels and vault maps discovered:
D:1:      lightli_arrival_statue_moat, layout_basic,
          shapermc_ecumenical_altar_mp_highgroup, minmay_misc_feat_five,
          lemuel_another_geyser
D:2:      layout_basic, uniq_sigmund, uniq_crazy_yiuf_cottage

Skill      XL: |  1  2  3 |
---------------+----------+-----
Dodging        | 5 6 |  6.1
Fighting       | |  2.4
Short Blades   | |  3.2
Stealth        | |  3.0

Action                   || total
-------------------------++-------
Melee: Short sword       ||    57
       Dagger            ||    52
  Use: Scroll            ||     1
 Stab: Sleeping          ||     1
Armor: Robe              ||     8
Dodge: Dodged            ||    70

Table legend: (Time is in decaauts)
 A = Elapsed time spent in this place.
 B = Non-inter-level travel time spent in this place.
 C = Inter-level travel time spent in this place.
 D = Time resting spent in this place.
 E = Time spent auto-exploring this place.
 F = Levels seen in this place.
 G = Mean time per level.
                   A        B        C        D        E       F      G
               +--------+--------+--------+--------+--------+-----+--------+
         Total |   1948 |   1940 |      8 |    385 |   1251 |   2 |  974.0 |
       Dungeon |   1948 |   1940 |      8 |    385 |   1251 |   2 |  974.0 |
               +--------+--------+--------+--------+--------+-----+--------+

Top non-repeatable levels by time:
     D:1: 989 daAuts
     D:2: 959 daAuts
